 Dungeon Crawl Stone Soup version 0.19.5 (webtiles) character file.

86 Onaxys the Skirmisher (level 4, 0/40 HPs)
             Began as a Ghoul Monk on Apr 10, 2017.
             Slain by an orc
             ... wielding a +0 morningstar
              (3 damage)
             ... on level 3 of the Dungeon.
             The game lasted 00:38:24 (2618 turns).

Onaxys the Skirmisher (Ghoul Monk)                  Turns: 2618, Time: 00:38:25

Health: 0/40       AC:  5    Str: 14    XL:     4   Next: 49%
Magic:  0/3        EV: 11    Int:  5    God:
Gold:   118        SH:  0    Dex: 12    Spells: 0 memorised, 3 levels left

rFire  . . .     SeeInvis .     B - +1 dire flail (venom)
rCold  + . .     Gourm    .     F - +0 ring mail
rNeg   + + +     Faith    .     (shield currently unavailable)
rPois  ∞         Spirit   +     g - +0 hat
rElec  .         Reflect  .     (no cloak)
rCorr  .         Harm     .     (no gloves)
MR     .....                    (no boots)
Stlth  +.........               o - amulet of guardian spirit
                                (no ring)
                                (no ring)

@: rotting
A: rotting body, claws 1, carnivore 3, cold resistance 1, negative energy
resistance 3, slow regeneration 1, torment resistance, unbreathing
a: no special abilities


You were on level 3 of the Dungeon.
You were not hungry.

You visited 1 branch of the dungeon, and saw 3 of its levels.

You collected 118 gold pieces.

Inventory:

Hand Weapons
 d - a +1 hunting sling of velocity
 e - a +0 short sword
 f - a +0 club
 j - a +0 club
 n - a +0 dagger
 p - a +0 spear
 s - a +0 hunting sling
 u - a +0 short sword
 A - a +0 hunting sling
 B - a +1 dire flail of venom (weapon)
 D - a +0 short sword
 H - a +0 dagger
Missiles
 w - 8 poisoned javelins (quivered)
 C - a throwing net
 J - 29 arrows
Armour
 a - a +0 robe
 b - a +0 chain mail
 g - a +0 hat (worn)
 i - a +0 robe
 m - a +0 scale mail
 v - a +0 robe
 x - a +0 leather armour
 F - a +0 ring mail (worn)
 K - a +0 robe
Jewellery
 o - an amulet of guardian spirit (around neck)
Scrolls
 c - 4 scrolls of identify {unknown}
 h - 2 scrolls of amnesia {unknown}
 r - a scroll of fog {unknown}
 y - a scroll of remove curse {unknown}
Potions
 k - a potion of berserk rage {unknown}
 l - a potion of haste {unknown}
 q - a potion of curing {unknown}
 z - a potion of heal wounds {unknown}
 E - 3 potions of agility {unknown}
 G - a potion of might {unknown}


   Skills:
 + Level 3.7 Fighting
 + Level 0.6 Short Blades
 + Level 1.0 Maces & Flails
 + Level 1.1 Polearms
 + Level 0.6 Armour
 + Level 3.1 Dodging
 + Level 2.6 Stealth
 + Level 3.5 Unarmed Combat


You had 3 spell levels left.
You didn't know any spells.

Dungeon Overview and Level Annotations

Branches:
Dungeon (3/15)

Altars:

Annotations:
D:3 Robin


Innate Abilities, Weirdness & Mutations

Your body is rotting away.
You thrive on raw meat.
You are immune to poison.
You have sharp fingernails.
You are carnivorous and can eat meat at any time.
Your flesh is cold resistant. (rC+)
You are immune to negative energy. (rN+++)
You regenerate slowly when monsters are visible.
You are immune to unholy pain and torment.
You can survive without breathing.


Message History

The hobgoblin no longer looks unusually strong.
You closely miss the goblin. The goblin barely misses you.
You sock the goblin!
You kill the goblin!
You closely miss the goblin. The goblin hits you but does no damage.
You hit the goblin.
The goblin is poisoned.
The goblin is heavily wounded.
The hobgoblin no longer looks unusually strong.
The goblin hits you but does no damage.
You sock the goblin!
You kill the goblin!
You hit the orc.
The orc is poisoned.
The orc is almost dead.
The orc hits you but does no damage.
Robin roars a battlecry!
The hobgoblins go into a battle-frenzy!
You hit the orc but do no damage.
The orc is almost dead.
The orc hits you with a morningstar.
You die...

.. . .## ..# #.#
#.# #.# #@#
..#####o###
.......gg.# ## #
#######.#)# ..
.# ...#)# .# ..#
.....#.##.#...#
#####.#go......#
####.#.g..#...#
.......<......#


You could see an orc and 2 hobgoblins.

Vanquished Creatures
  4 adders (D:2)
  A dart slug (D:1)
  2 leopard geckos
  11 goblins
  5 hobgoblins
  3 jackals (D:2)
  9 kobolds
  5 bats (D:1)
  A frilled lizard (D:2)
  5 rats
46 creatures vanquished.

Notes
Turn   | Place    | Note
-------+----------+-------------------------------------------
     0 | D:1      | Onaxys the Ghoul Monk began the quest for the Orb.
     0 | D:1      | Reached XP level 1. HP: 19/19 MP: 0/0
   224 | D:1      | Reached XP level 2. HP: 21/26 MP: 1/1
  1046 | D:2      | Reached XP level 3. HP: 15/33 MP: 2/2
  1591 | D:2      | Reached skill level 1 in Polearms
  1591 | D:2      | Reached XP level 4. HP: 40/40 MP: 3/3
  2584 | D:3      | Noticed Robin
  2590 | D:3      | Reached skill level 1 in Maces & Flails
  2601 | D:3      | HP: 2/40 [Robin/goblin (2)]
  2618 | D:3      | Slain by an orc

Skill      XL: |  1  2  3  4 |
---------------+-------------+-----
Dodging        | 3 |  3.1
Polearms       | 1 |  1.1
Maces & Flails | 1 |  1.0
Fighting       | |  3.7
Short Blades   | |  0.6
Armour         | |  0.6
Stealth        | |  2.6
Unarmed Combat | |  3.5

Action                   |  1- 3 |  4- 6 || total
-------------------------+-------+-------++-------
Melee: Short sword       |    20 |       ||    20
       Unarmed           |     9 |       ||     9
       Spear             |    69 |       ||    69
       Dire flail        |    23 |    55 ||    78
       Punch             |     1 |       ||     1
 Stab: Sleeping          |     1 |       ||     1
  Eat: Meat ration       |     2 |     1 ||     3
       Chunk             |    11 |     2 ||    13
Armor: Robe              |     6 |       ||     6
       Scale mail        |    60 |       ||    60
       Ring mail         |     2 |    30 ||    32
Dodge: Dodged            |   118 |    49 ||   167
